TOP OF THE 1ST |
Toronto Blue Jays batting - Pitching for Philadelphia Phillies : RHP Scott Bernstein
|
Pitching: RHP Scott Bernstein
|
|
Batting: RHB Ruben Velasco
|
0-0: Foul Ball, location: 2F 0-1: Ball 1-1: Ball 2-1: Foul Ball, location: 2F 2-2: Strikes out looking
|
Batting: LHB Jon Schick
|
0-0: Called Strike 0-1: Fly out, F3 (Line Drive, 3, EV 76.3 MPH)
|
Batting: SHB Matt Altieri
|
0-0: Ball 1-0: Ball 2-0: Ball 3-0: SINGLE (Line Drive, 78S, EV 99.4 MPH)
|
Batting: RHB Kirk Arp
|
0-0: Called Strike 0-1: Ball 1-1: Ball 2-1: Ball 3-1: Called Strike 3-2: Base on Balls Matt Altieri to second
|
Batting: SHB Zory Larikov
|
0-0: Ball 1-0: Ball 2-0: Fielders Choice at 2nd, 6-4 (Groundball, 6, EV 83.8 MPH)
|
Top of the 1st over - 0 runs, 1 hit, 0 errors, 2 left on base; Toronto 0 - Philadelphia 0 |
BOTTOM OF THE 1ST |
Philadelphia Phillies batting - Pitching for Toronto Blue Jays : RHP Timo Lantinga
|
Pitching: RHP Timo Lantinga
|
|
Batting: LHB Jeff Luvisi
|
0-0: Ball 1-0: Called Strike 1-1: Swinging Strike 1-2: Foul Ball, location: 2F 1-2: Strikes out swinging
|
Batting: LHB Nick Canizales
|
0-0: Ball 1-0: Ground out 1-3 (Groundball, 13S, EV 67.5 MPH)
|
Batting: RHB Quintin Parker
|
0-0: Called Strike 0-1: Foul Ball, location: 2F 0-2: Strikes out looking
|
Bottom of the 1st over - 0 runs, 0 hits, 0 errors, 0 left on base; Toronto 0 - Philadelphia 0 |
TOP OF THE 2ND |
Toronto Blue Jays batting - Pitching for Philadelphia Phillies : RHP Scott Bernstein
|
Batting: RHB Shigem Kubo
|
0-0: Ball 1-0: SINGLE (Line Drive, 78S, EV 100.0 MPH)
|
Batting: LHB Gabe White
|
0-0: Ball 1-0: Swinging Strike 1-1: Foul Ball, location: 2F 1-2: Ball 2-2: DOUBLE (Line Drive, 9LS, EV 95.6 MPH) Shigem Kubo to third
|
Batting: RHB Cole Zelinski
|
0-0: Ground out 6-3 (Groundball, 6, EV 106.3 MPH) Shigem Kubo scores
|
Batting: SHB Dylan Novakowski
|
0-0: Called Strike Gabe White steals 3rd base 0-1: Ball 1-1: Swinging Strike 1-2: Strikes out swinging
|
Batting: RHB Ruben Velasco
|
0-0: 2-RUN HOME RUN (Flyball, 78XD, EV 110.6 MPH), Distance : 410 ft
|
Batting: LHB Jon Schick
|
0-0: Ball 1-0: Foul Ball, location: 2F 1-1: Ball 2-1: Foul Ball, location: 2F 2-2: Foul Ball, location: 2F 2-2: Ground out U3 (Groundball, 34S, EV 93.8 MPH)
|
Top of the 2nd over - 3 runs, 3 hits, 0 errors, 0 left on base; Toronto 3 - Philadelphia 0 |
BOTTOM OF THE 2ND |
Philadelphia Phillies batting - Pitching for Toronto Blue Jays : RHP Timo Lantinga
|
Batting: LHB Eric Katz
|
0-0: Ball 1-0: Called Strike 1-1: Swinging Strike 1-2: Foul Ball, location: 2F 1-2: DOUBLE (Line Drive, 7LD, EV 105.6 MPH)
|
Batting: RHB Raul de la Cruz
|
0-0: Called Strike 0-1: Swinging Strike 0-2: Strikes out swinging
|
Batting: LHB Alberto Figueroa
|
0-0: Ground out 4-3 (Groundball, 34D, EV 99.4 MPH) Eric Katz to third
|
Batting: RHB Chef Belew
|
0-0: Called Strike 0-1: Ball 1-1: Ground out 4-3 (Groundball, 4M, EV 89.4 MPH)
|
Bottom of the 2nd over - 0 runs, 1 hit, 0 errors, 1 left on base; Toronto 3 - Philadelphia 0 |
TOP OF THE 3RD |
Toronto Blue Jays batting - Pitching for Philadelphia Phillies : RHP Scott Bernstein
|
Batting: SHB Matt Altieri
|
0-0: Ground out 6-3 (Groundball, 4M, EV 83.8 MPH)
|
Batting: RHB Kirk Arp
|
0-0: Ball 1-0: Ball 2-0: Called Strike 2-1: Foul Ball, location: 2F 2-2: Foul Ball, location: 2F 2-2: Ball 3-2: Fly out, F7 (Line Drive, 7D, EV 107.5 MPH)
|
Batting: SHB Zory Larikov
|
0-0: Ground out 5-3 (Groundball, 5, EV 83.8 MPH)
|
Top of the 3rd over - 0 runs, 0 hits, 0 errors, 0 left on base; Toronto 3 - Philadelphia 0 |
BOTTOM OF THE 3RD |
Philadelphia Phillies batting - Pitching for Toronto Blue Jays : RHP Timo Lantinga
|
Batting: RHB Matt Sanders
|
0-0: Ball 1-0: Foul Ball, location: 2F 1-1: Ball 2-1: Ball 3-1: Swinging Strike 3-2: SINGLE (Flyball, 56D, EV 93.8 MPH)
|
Batting: RHB Luis Arce
|
0-0: Ball 1-0: Ball 2-0: Reached on error, E6 (Groundball, 6, EV 86.3 MPH) Matt Sanders to second
|
Batting: LHB Jeff Luvisi
|
0-0: Called Strike 0-1: Fielders Choice at 2nd, 2-4 (Groundball, 2L, EV 61.3 MPH) Matt Sanders to third
|
Batting: LHB Nick Canizales
|
0-0: Ball 1-0: Grounds into double play, 4-6-3 (Groundball, 34, EV 82.5 MPH)
|
Bottom of the 3rd over - 0 runs, 1 hit, 1 error, 1 left on base; Toronto 3 - Philadelphia 0 |
TOP OF THE 4TH |
Toronto Blue Jays batting - Pitching for Philadelphia Phillies : RHP Scott Bernstein
|
Batting: RHB Shigem Kubo
|
0-0: Called Strike 0-1: Swinging Strike 0-2: Strikes out swinging
|
Batting: LHB Gabe White
|
0-0: Ball 1-0: Fly out, F6 (Line Drive, 6, EV 71.3 MPH)
|
Batting: RHB Cole Zelinski
|
0-0: Ball 1-0: Swinging Strike 1-1: Foul Ball, location: 2F 1-2: Ball 2-2: Strikes out swinging
|
Top of the 4th over - 0 runs, 0 hits, 0 errors, 0 left on base; Toronto 3 - Philadelphia 0 |
BOTTOM OF THE 4TH |
Philadelphia Phillies batting - Pitching for Toronto Blue Jays : RHP Timo Lantinga
|
Batting: RHB Quintin Parker
|
0-0: Called Strike 0-1: SINGLE (Line Drive, 9S, EV 97.5 MPH)
|
Batting: LHB Eric Katz
|
0-0: Called Strike 0-1: Ball 1-1: Grounds into double play, 6-4-3 (Groundball, 6, EV 91.3 MPH)
|
Batting: RHB Raul de la Cruz
|
0-0: Foul Ball, location: 2F 0-1: Fly out, F4 (Popup, 13, EV 88.1 MPH)
|
Bottom of the 4th over - 0 runs, 1 hit, 0 errors, 0 left on base; Toronto 3 - Philadelphia 0 |
TOP OF THE 5TH |
Toronto Blue Jays batting - Pitching for Philadelphia Phillies : RHP Scott Bernstein
|
Batting: SHB Dylan Novakowski
|
0-0: Ball 1-0: Foul Ball, location: 2F 1-1: Ball 2-1: SOLO HOME RUN (Line Drive, 9D, EV 96.3 MPH), Distance : 383 ft
|
Batting: RHB Ruben Velasco
|
0-0: Ball 1-0: Ball 2-0: Swinging Strike 2-1: Ball 3-1: Called Strike 3-2: Strikes out swinging, 2-3 out at first.
|
Batting: LHB Jon Schick
|
0-0: Called Strike 0-1: Ground out 4-3 (Groundball, 4, EV 90.6 MPH)
|
Batting: SHB Matt Altieri
|
0-0: Called Strike 0-1: TRIPLE (Flyball, 89XD, EV 96.3 MPH)
|
Batting: RHB Kirk Arp
|
0-0: Ground out 6-3 (Groundball, 6, EV 83.1 MPH)
|
Top of the 5th over - 1 run, 2 hits, 0 errors, 1 left on base; Toronto 4 - Philadelphia 0 |
BOTTOM OF THE 5TH |
Philadelphia Phillies batting - Pitching for Toronto Blue Jays : RHP Timo Lantinga
|
Batting: LHB Alberto Figueroa
|
0-0: Ball 1-0: Called Strike 1-1: SOLO HOME RUN (Flyball, 9D, EV 96.9 MPH), Distance : 380 ft
|
Batting: RHB Chef Belew
|
0-0: Ball 1-0: Called Strike 1-1: Swinging Strike 1-2: Foul Ball, location: 2F 1-2: Ball 2-2: Ball 3-2: Strikes out swinging
|
Batting: RHB Matt Sanders
|
0-0: Ball 1-0: Foul Ball, location: 2F 1-1: DOUBLE (Flyball, 8RXD, EV 112.5 MPH)
|
Batting: RHB Luis Arce
|
0-0: Foul Ball, location: 2F 0-1: Called Strike 0-2: Strikes out swinging
|
Batting: LHB Jeff Luvisi
|
0-0: Ball 1-0: Called Strike 1-1: DOUBLE (Flyball, 8RXD, EV 99.4 MPH) Matt Sanders scores
|
Batting: LHB Nick Canizales
|
0-0: Ball 1-0: Ball 2-0: Ball 3-0: Called Strike 3-1: Ground out 3-1 (Groundball, 34S, EV 81.9 MPH)
|
Bottom of the 5th over - 2 runs, 3 hits, 0 errors, 1 left on base; Toronto 4 - Philadelphia 2 |
TOP OF THE 6TH |
Toronto Blue Jays batting - Pitching for Philadelphia Phillies : RHP Scott Bernstein
|
Batting: SHB Zory Larikov
|
0-0: Ball 1-0: Ball 2-0: Ball 3-0: Base on Balls
|
Batting: RHB Shigem Kubo
|
0-0: Called Strike 0-1: Fly out, F9 (Flyball, 89S, EV 72.5 MPH)
|
Batting: LHB Gabe White
|
0-0: Called Strike Zory Larikov steals 2nd base 0-1: Foul Ball, location: 2F 0-2: Strikes out swinging
|
Batting: RHB Cole Zelinski
|
0-0: Ball 1-0: Called Strike 1-1: Ball 2-1: Called Strike 2-2: Ball 3-2: Foul Ball, location: 2F 3-2: Foul Ball, location: 2F 3-2: Foul Ball, location: 2F 3-2: Strikes out swinging
|
Top of the 6th over - 0 runs, 0 hits, 0 errors, 1 left on base; Toronto 4 - Philadelphia 2 |
BOTTOM OF THE 6TH |
Philadelphia Phillies batting - Pitching for Toronto Blue Jays : RHP Timo Lantinga
|
Batting: RHB Quintin Parker
|
0-0: Ball 1-0: Foul Ball, location: 2F 1-1: Ball 2-1: Ball 3-1: Base on Balls
|
Batting: LHB Eric Katz
|
0-0: Called Strike 0-1: Grounds into double play, 6-4-3 (Groundball, 56D, EV 84.4 MPH)
|
Batting: RHB Raul de la Cruz
|
0-0: Ball 1-0: Fly out, F8 (Line Drive, 8RM, EV 96.9 MPH)
|
Bottom of the 6th over - 0 runs, 0 hits, 0 errors, 0 left on base; Toronto 4 - Philadelphia 2 |
TOP OF THE 7TH |
Toronto Blue Jays batting - Pitching for Philadelphia Phillies : RHP Scott Bernstein
|
Batting: SHB Dylan Novakowski
|
0-0: Ball 1-0: Foul Ball, location: 2F 1-1: Ball 2-1: Foul Ball, location: 2F 2-2: TRIPLE (Flyball, 9D, EV 108.1 MPH)
|
Batting: RHB Ruben Velasco
|
0-0: Foul Ball, location: 2F 0-1: Ball 1-1: Foul Ball, location: 2F 1-2: Foul Ball, location: 2F 1-2: Foul Ball, location: 2F 1-2: Ball 2-2: Ball 3-2: Fly out, F9 (Flyball, 9, EV 93.8 MPH)
|
Pitching: RHP Jamie Verberkmoes
|
|
Batting: LHB Jon Schick
|
0-0: Ball 1-0: Ball 2-0: Called Strike 2-1: Ball 3-1: 2-RUN HOME RUN (Flyball, 7D, EV 96.9 MPH), Distance : 385 ft
|
Batting: SHB Matt Altieri
|
0-0: Called Strike 0-1: Ground out 5-3 (Groundball, 56, EV 107.5 MPH)
|
Batting: RHB Kirk Arp
|
0-0: Ball 1-0: Ball 2-0: Fly out, F8 (Flyball, 89M, EV 87.5 MPH)
|
Top of the 7th over - 2 runs, 2 hits, 0 errors, 0 left on base; Toronto 6 - Philadelphia 2 |
BOTTOM OF THE 7TH |
Philadelphia Phillies batting - Pitching for Toronto Blue Jays : RHP Timo Lantinga
|
Batting: LHB Alberto Figueroa
|
0-0: SINGLE (Flyball, 34D, EV 87.5 MPH)
|
Batting: RHB Chef Belew
|
0-0: Foul Ball, location: 2F 0-1: Fly out, F6 (Flyball, 56D, EV 85.0 MPH)
|
Batting: RHB Matt Sanders
|
0-0: Called Strike 0-1: Ball 1-1: Ball Alberto Figueroa steals 2nd base 2-1: SINGLE (Line Drive, 6MD, EV 110.0 MPH) Alberto Figueroa to third Runner from 3rd tries for Home, SAFE, throw by CF to home
|
Batting: RHB Luis Arce
|
0-0: Fly out, F9 (Flyball, 89M, EV 91.9 MPH)
|
Batting: LHB Jeff Luvisi
|
0-0: DOUBLE (Flyball, 8RXD, EV 106.9 MPH) Matt Sanders to third Runner from 3rd tries for Home, SAFE, no throw by CF
|
Batting: LHB Nick Canizales
|
0-0: Ball 1-0: 2-RUN HOME RUN (Flyball, 9D, EV 105.6 MPH), Distance : 387 ft
|
Pitching: RHP Douglas ten Pas
|
|
Batting: RHB Quintin Parker
|
0-0: Ball 1-0: Ball 2-0: SINGLE (Groundball, 6MS, EV 70.6 MPH) (infield hit)
|
Batting: LHB Eric Katz
|
0-0: Ball 1-0: Ball 2-0: Foul Ball, location: 2F 2-1: SINGLE (Line Drive, 89S, EV 108.1 MPH) Quintin Parker to second
|
Batting: RHB Raul de la Cruz
|
0-0: Ball 1-0: Ball 2-0: Swinging Strike 2-1: Ball 3-1: Called Strike 3-2: Base on Balls Quintin Parker to third Eric Katz to second
|
Batting: LHB Alberto Figueroa
|
0-0: Ball 1-0: Foul Ball, location: 2F 1-1: Called Strike 1-2: Ground out 4-3 (Groundball, 4, EV 86.3 MPH)
|
Bottom of the 7th over - 4 runs, 6 hits, 0 errors, 3 left on base; Toronto 6 - Philadelphia 6 |
TOP OF THE 8TH |
Toronto Blue Jays batting - Pitching for Philadelphia Phillies : RHP Jamie Verberkmoes
|
Batting: SHB Zory Larikov
|
0-0: Ball 1-0: Ball 2-0: Foul Ball, location: 2F 2-1: SINGLE (Line Drive, 89M, EV 107.5 MPH)
|
Batting: RHB Shigem Kubo
|
0-0: Ball 1-0: Sac Bunt to 2L - play at first, batter OUT! 2-4 Zory Larikov to second
|
Batting: LHB Gabe White
|
0-0: Ball Zory Larikov steals 3rd base (no throw) 1-0: Foul Ball, location: 2F 1-1: Foul Ball, location: 2F 1-2: Foul Ball, location: 2F 1-2: Strikes out looking
|
Pinch Hitting: LHB Isto Mäyrä
|
0-0: Ball 1-0: Ball 2-0: Fly out, F7 (Flyball, 7LM, EV 73.1 MPH)
|
Top of the 8th over - 0 runs, 1 hit, 0 errors, 1 left on base; Toronto 6 - Philadelphia 6 |
BOTTOM OF THE 8TH |
Philadelphia Phillies batting - Pitching for Toronto Blue Jays : RHP Douglas ten Pas
|
Now at 3B: Jerry Jauregui
|
|
Batting: RHB Chef Belew
|
0-0: Called Strike 0-1: Ground out 4-3 (Groundball, 34, EV 88.8 MPH)
|
Batting: RHB Matt Sanders
|
0-0: Ball 1-0: Ball 2-0: Ball 3-0: Ground out 4-3 (Groundball, 4M, EV 111.3 MPH)
|
Pinch Hitting: SHB Rafael Vazquez
|
0-0: Called Strike 0-1: Fly out, F7 (Flyball, 7S, EV 91.9 MPH)
|
Bottom of the 8th over - 0 runs, 0 hits, 0 errors, 0 left on base; Toronto 6 - Philadelphia 6 |
TOP OF THE 9TH |
Toronto Blue Jays batting - Pitching for Philadelphia Phillies : RHP Jamie Verberkmoes
|
Pitching: LHP Randy Karnes
|
|
Now at SS: Mitch Boyd
|
|
Batting: SHB Dylan Novakowski
|
0-0: Ball 1-0: Ball 2-0: Called Strike 2-1: Ball 3-1: Base on Balls
|
Batting: RHB Ruben Velasco
|
0-0: Ball 1-0: Sac Bunt to 25 - play at first, batter OUT! 5-4 Dylan Novakowski to second
|
Batting: LHB Jon Schick
|
0-0: Ball 1-0: Ball 2-0: Called Strike 2-1: Foul Ball, location: 2F 2-2: Foul Ball, location: 2F 2-2: Foul Ball, location: 2F 2-2: Ball 3-2: Strikes out swinging
|
Batting: SHB Matt Altieri
|
0-0: Intentional Walk
|
Batting: RHB Kirk Arp
|
0-0: 3-RUN HOME RUN (Flyball, 9D, EV 99.4 MPH), Distance : 371 ft
|
Batting: SHB Zory Larikov
|
0-0: Foul Ball, location: 2F 0-1: Ball 1-1: Swinging Strike 1-2: Foul Ball, location: 2F 1-2: Ball 2-2: Strikes out swinging
|
Top of the 9th over - 3 runs, 1 hit, 0 errors, 0 left on base; Toronto 9 - Philadelphia 6 |
BOTTOM OF THE 9TH |
Philadelphia Phillies batting - Pitching for Toronto Blue Jays : RHP Douglas ten Pas
|
Pitching: RHP Chase Schlong
|
|
Batting: LHB Jeff Luvisi
|
0-0: Called Strike 0-1: Fly out, F8 (Line Drive, 8RM, EV 94.4 MPH)
|
Batting: LHB Nick Canizales
|
0-0: Foul Ball, location: 2F 0-1: Ball 1-1: Ball 2-1: SINGLE (Line Drive, 4D, EV 98.1 MPH)
|
Batting: RHB Quintin Parker
|
0-0: Foul Ball, location: 2F 0-1: Ball 1-1: Ball 2-1: SINGLE (Groundball, 6D, EV 96.3 MPH) Nick Canizales to second
|
Batting: LHB Eric Katz
|
0-0: Called Strike 0-1: Swinging Strike 0-2: Strikes out swinging
|
Batting: RHB Raul de la Cruz
|
0-0: SINGLE (Flyball, 9LS, EV 88.8 MPH) Nick Canizales to third Quintin Parker to second
|
Batting: LHB Alberto Figueroa
|
0-0: Ball 1-0: Fly out, F9 (Flyball, 9D, EV 91.3 MPH)
|
Bottom of the 9th over - 0 runs, 3 hits, 0 errors, 3 left on base; Toronto 9 - Philadelphia 6 |
|